 Dungeon Crawl Stone Soup version 0.14.2 (webtiles) character file.

626 fredomojojo the Ducker (level 6, -6/46 HPs)
             Began as a Demonspawn Gladiator on Nov 21, 2015.
             Was a Plaything of Xom.
             Mangled by Prince Ribbit (7 damage)
             ... on Level 5 of the Dungeon.
             The game lasted 01:00:20 (3550 turns).

fredomojojo the Ducker (Demonspawn Gladiator)       Turns: 3550, Time: 01:00:20

HP  -6/46        AC 12     Str 14      XL: 6   Next: 79%
MP   6/6         EV  0     Int  8      God: Xom
Gold 164         SH 24     Dex 14      Spells:  0 memorised,  5 levels left

rFire  . . .     SeeInvis .     a - +0,+3 war axe
rCold  . . .     Clarity  .     h - +0 plate armour
rNeg   . . .     Conserve .     m - +0 large shield
rPois  .         rCorr    .     c - +0 helmet
rElec  .         rRot     .     (no cloak)
SustAb . .       Spirit   .     (no gloves)
rMut   .         Warding  .     (no boots)
Saprov . . .     Stasis   .     (no amulet)
MR     .....                    (no ring)
                                (no ring)

@: very slightly contaminated, hasted, very quick, not resistant to hostile
enchantments, extremely unstealthy
A: claws 2, dopey 1, spiny 2, weak 1, wild magic 1
a: Renounce Religion


You were on level 5 of the Dungeon.
You worshipped Xom.
You were a toy of Xom.
You were hungry.

You visited 1 branch of the dungeon, and saw 6 of its levels.

You collected 164 gold pieces.

Inventory:

Hand weapons
 a - a +0,+3 war axe (weapon)
 j - a +2,+2 vampiric glaive
 v - a +2,+0 spear
Missiles
 d - a throwing net
 t - 4 tomahawks (quivered)
Armour
 c - a +0 helmet (worn)
 g - a +0 leather armour
 h - a +0 plate armour (worn)
 m - a +0 large shield (worn)
 r - a +2 pair of boots
Comestibles
 f - 4 bread rations
 i - 38 strawberries
 l - a choko
 u - 3 meat rations
Scrolls
 b - a scroll of teleportation
 o - 3 scrolls of identify
 s - a scroll of fog
Potions
 e - 2 potions of heal wounds
 p - 3 potions of curing
 q - a potion of haste
Magical staves
 k - an uncursed staff of fire {unknown}


   Skills:
 + Level 2.9 Fighting
 + Level 4.0 Axes
 + Level 2.4 Throwing
 + Level 2.6 Armour
 + Level 4.2 Dodging
 + Level 0.6 Stealth
 + Level 1.9 Shields


You had 5 spell levels left.
You didn't know any spells.

Dungeon Overview and Level Annotations

Branches:
Dungeon (6/15)
 Temple: D:4-7

Altars:
Ashenzari
Elyvilon
Fedhas
Nemelex Xobeh
Vehumet
Xom

Annotations:
D:5 Prince Ribbit; Sigmund
D:6 fredomojojo's ghost, experienced MiBe


Innate Abilities, Weirdness & Mutations

You have very sharp fingernails.
You are mostly covered in sharp spines.
You are dopey. (Int -2)
You are weak. (Str -2)
Your spells are a little harder to cast, but a little more powerful.


Message History

Prince Ribbit is heavily wounded.
Prince Ribbit hits you!
* * * LOW HITPOINT WARNING * * *
Prince Ribbit hits you but does no damage.
You miss Prince Ribbit.
Prince Ribbit is heavily wounded.
Prince Ribbit hits you.
* * * LOW HITPOINT WARNING * * *
You miss Prince Ribbit.
Prince Ribbit is heavily wounded.
You block Prince Ribbit's attack.
Prince Ribbit hits you but does no damage.
You miss Prince Ribbit.
Prince Ribbit is heavily wounded.
Prince Ribbit completely misses you.
Prince Ribbit momentarily phases out as your attack passes through him.
Prince Ribbit is heavily wounded.
Prince Ribbit hits you!
You die...
Xom titters!

).....# #......# ......#
#......#
......############......####
.............................
......................((......
.......................(......
..............................
...............................
................@F....<.(......
######......###########......##
#......# ......# #......#
......# #......# ......#
#......# ...... #%.....# .....
#......# ...F #......# .


You could see Prince Ribbit.

Vanquished Creatures
  An ogre (D:4)
  A hound (D:5)
  2 crimson imps
  An orc priest (D:3)
  An iguana (D:4)
  A worker ant (D:4)
  Natasha (thrice) (D:4)
  3 adders
  A shadow imp (D:4)
  A white imp (D:4)
  An inept feature mimic (D:2)
  2 worms (D:2)
  4 giant geckos
  13 orcs
  5 bats
  2 giant cockroaches
  7 goblins
  9 hobgoblins
  8 jackals
  9 kobolds
  An ooze (D:1)
  2 quokkas
  A ball python (D:3)
  A giant gecko skeleton (D:4)
  5 giant newts
  An orc skeleton (D:4)
  12 rats
98 creatures vanquished.

Vanquished Creatures (others)
  4 toadstools (D:1)
4 creatures vanquished.

Grand Total: 102 creatures vanquished

Notes
Turn   | Place    | Note
--------------------------------------------------------------
     0 | D:1      | fredomojojo, the Demonspawn Gladiator, began the quest for the Orb.
     0 | D:1      | Reached XP level 1. HP: 16/16 MP: 1/1
    94 | D:1      | Reached skill level 3 in Dodging
   151 | D:1      | Gained mutation: You have sharp fingernails. [demonic ancestry]
   151 | D:1      | Reached XP level 2. HP: 20/22 MP: 2/2
   732 | D:2      | Gained mutation: You have very sharp fingernails. [demonic ancestry]
   732 | D:2      | Reached XP level 3. HP: 12/27 MP: 3/3
  1138 | D:2      | Found a white marble altar of Elyvilon.
  1248 | D:2      | Reached skill level 1 in Armour
  1655 | D:3      | Gained mutation: You are partially covered in sharp spines. [demonic ancestry]
  1655 | D:3      | Reached XP level 4. HP: 20/33 MP: 4/4
  2043 | D:3      | Found a shimmering altar of Xom.
  2061 | D:3      | Became a worshipper of Xom of Chaos
  2083 | D:4      | Found a shattered altar of Ashenzari.
  2129 | D:4      | XOM: silly message
  2136 | D:4      | XOM: harmless Fire miscast
  2382 | D:3      | XOM: colour smoke trail
  2411 | D:3      | XOM: silly message
  2454 | D:4      | Reached XP level 5. HP: 37/39 MP: 5/5
  2514 | D:4      | Found a radiant altar of Vehumet.
  2564 | D:5      | Entered Level 5 of the Dungeon
  2567 | D:5      | Noticed Prince Ribbit
  2623 | D:4      | XOM: potion effect (agility)
  2626 | D:4      | XOM: cast spell 'Stoneskin'
  2658 | D:4      | Reached skill level 1 in Shields
  2713 | D:4      | Noticed Natasha
  2726 | D:4      | XOM: confuse monster(s)
  2731 | D:4      | XOM: cast spell 'Ring of Flames'
  2740 | D:4      | Killed Natasha
  2740 | D:4      | Reached skill level 4 in Dodging
  2740 | D:4      | Gained mutation: You are mostly covered in sharp spines. [demonic ancestry]
  2740 | D:4      | Reached XP level 6. HP: 31/46 MP: 6/6
  2794 | D:5      | Noticed Sigmund
  2935 | D:4      | Noticed Natasha
  2952 | D:4      | Killed Natasha
  2959 | D:4      | Noticed Natasha
  2965 | D:4      | Killed Natasha
  3000 | D:4      | XOM: mild Ice miscast
  3038 | D:4      | Found a sparkling altar of Nemelex Xobeh.
  3046 | D:4      | Found a blossoming altar of Fedhas.
  3225 | D:4      | Noticed an ogre
  3229 | D:4      | Killed an ogre
  3348 | D:5      | XOM: cast spell 'Metabolic Englaciation'
  3451 | D:5      | Gained mutation: You are weak. (Str -2) [potion of mutation]
  3451 | D:5      | Gained mutation: You are dopey. (Int -2) [potion of mutation]
  3451 | D:5      | Gained mutation: Your spells are a little harder to cast, but a little more powerful. [potion of mutation]
  3451 | D:5      | XOM: silly message
  3471 | D:6      | Noticed fredomojojo's ghost (experienced MiBe)
  3536 | D:5      | HP: 2/46 [Prince Ribbit (12)]
  3543 | D:5      | XOM: silly message
  3547 | D:5      | HP: 1/46 [Prince Ribbit (3)]
  3550 | D:5      | Mangled by Prince Ribbit

Action                   |  1- 3 |  4- 6 || total
-------------------------+-------+-------++-------
Melee: War axe           |   130 |   261 ||   391
       Unarmed           |       |    10 ||    10
Throw: Throwing net      |     6 |     3 ||     9
       Dart              |     1 |    27 ||    28
       Tomahawk          |       |    10 ||    10
  Use: Scroll            |     5 |     7 ||    12
       Potion            |     4 |     3 ||     7
 Stab: Held in net/web   |     1 |       ||     1
       Sleeping          |     1 |       ||     1
